 Dungeon Crawl Stone Soup version 0.29-a0-284-gf9362112df (webtiles) character file.

Game seed: 5935380903394528251

3115 ders the Thaumaturge (level 10, -29/60 HPs)
             Began as a Djinni Conjurer on Mar 30, 2022.
             Annihilated by a rockslime (34 damage)
             ... created by the all-consuming vengeance of Jiyva
             ... in the Ecumenical Temple.
             The game lasted 00:12:37 (5760 turns).

ders the Thaumaturge (Djinni Conjurer)              Turns: 5760, Time: 00:12:37

Health: -29/60     AC:  3    Str:  6    XL:     10   Next: 14%
Gold:   292        EV: 12    Int: 24    God:
                   SH:  0    Dex: 12

rFire   + + .      SeeInvis .   e - staff of conjuration
rCold   . . .      Faith    .   (no shield)
rNeg    . . .      Spirit   .   q - +1 robe of Spring Thaw {rC+ Regen+ Slay+3}
rPois   ∞          Reflect  .   (no helmet)
rElec   .          Harm     .   (no cloak)
rCorr   .          Rampage  .   (no gloves)
Will    +....                   (boots unavailable)
Stlth   ++........              v - amulet of regeneration
HPRegen 2.60/turn               (no ring)
MPRegen 0.00/turn               (no ring)

@: flying
A: sickness immunity, fire resistance 2, cold vulnerability 1, float, innate
caster, HP casting, extra vitality 1, regeneration 1
a: no special abilities


You were in the Ecumenical Temple.
You visited 2 branches of the dungeon, and saw 8 of its levels.
You also visited: Sewer.

You collected 411 gold pieces.
You spent 119 gold pieces at shops.

Inventory:

Armour
 a - a +0 robe
 q - the +1 robe of Spring Thaw (worn) {rC+ Regen+ Slay+3}
   (You bought it in a shop on level 7 of the Dungeon)

   Slay:      It affects your accuracy & damage with ranged weapons and melee
   (+3).
   rC:        It protects you from cold.
   Regen:     It increases your rate of health regeneration.
Magical Staves
 e - a staff of conjuration (weapon)
Jewellery
 h - an amulet of the acrobat
 v - an amulet of regeneration (around neck)
Wands
 w - a wand of charming (3)
Scrolls
 k - a scroll of amnesia
 n - 4 scrolls of teleportation
 r - 2 scrolls of blinking
Potions
 c - a potion of curing
 d - a potion of degeneration {unknown}
 f - 4 potions of haste
 g - a potion of might
 i - 3 potions of ambrosia
 j - a potion of magic {unknown}
 l - a potion of flight {unknown}
 m - a potion of brilliance {unknown}
 o - 3 potions of invisibility
 p - a potion of attraction
 t - a potion of berserk rage {unknown}


   Skills:
 - Level 2.1 Dodging
 - Level 1.5 Stealth
 + Level 11.0 Spellcasting


You had 8 spell levels left.
You knew the following spells:

 Your Spells              Type           Power      Damage    Failure   Level
a - Magic Dart            Conj           100%       1d8       1%          1
b - Searing Ray           Conj           100%       2d8       1%          2
c - Dazzling Flash        Conj/Hex       100%       N/A       1%          3
d - Fulminant Prism       Conj/Hex       39%        3d18      1%          4
e - Iskenderun's Mystic   Conj/Tloc      78%        2d16      1%          4
f - Shock                 Conj/Air       100%       1d9       1%          1
g - Wereblood             Tmut           60%        N/A       1%          2
h - Corpse Rot            Necr/Air       100%       N/A       1%          2
i - Petrify               Tmut/Erth      60%        N/A       1%          4
Your spell library was empty.

Dungeon Overview and Level Annotations

Branches:
Dungeon (7/15)             Temple (1/1) D:6           Sewer (visited)

Altars:
Elyvilon
Fedhas
Hepliaklqana
Kikubaaqudgha
Makhleb
Okawaru
Qazlal
Ru
Trog
Uskayaw
Vehumet
Yredelemnul
The Shining One

Shops:
D:7 =([*


Innate Abilities, Weirdness & Mutations

You are immune to sickness and miasma.
You are immune to poison.
Your flesh is very heat resistant. (rF++)
You are vulnerable to cold. (rC-)
You float through the air rather than walking.
You learn spells naturally, not from books.
Your magical power is your life essence.
You have superior vitality. (+4 MHP)
Your natural rate of healing is unusually fast.


Message History

The rockslime is lightly wounded.
The rockslime hits you!!
You are shoved backwards!
Casting: Iskenderun's Mystic Blast (dangerous; 1% risk of failure)
Confirm with . or Enter, or press ? or * to list all spells.
You feel a surge of power!
You erupt in a blast of force!
The mystic blast hits the rockslime but does no damage.
The rockslime is lightly wounded.
The rockslime closely misses you.
Casting: Iskenderun's Mystic Blast (dangerous; 1% risk of failure)
Confirm with . or Enter, or press ? or * to list all spells.
You feel a surge of power!
You erupt in a blast of force!
The mystic blast hits the rockslime!
The rockslime is moderately wounded.
The rockslime is knocked back by the mystic blast.
Casting: Iskenderun's Mystic Blast (dangerous; 1% risk of failure)
Confirm with . or Enter, or press ? or * to list all spells.
You feel a surge of power!
You erupt in a blast of force!
The mystic blast hits the rockslime!!
The rockslime is heavily wounded.
The rockslime hits you!
* * * LOW HITPOINT WARNING * * *
You hold your ground!
Casting: Iskenderun's Mystic Blast (dangerous; 1% risk of failure)
Confirm with . or Enter, or press ? or * to list all spells.
You feel a surge of power!
You erupt in a blast of force!
The mystic blast hits the rockslime!
The rockslime is severely wounded.
* * * LOW HITPOINT WARNING * * *
The rockslime hits you.
* * * LOW HITPOINT WARNING * * *
You are shoved backwards!
Casting: Iskenderun's Mystic Blast (dangerous; 1% risk of failure)
Confirm with . or Enter, or press ? or * to list all spells.
You feel a surge of power!
You erupt in a blast of force!
The mystic blast hits the rockslime but does no damage.
The rockslime is severely wounded.
* * * LOW HITPOINT WARNING * * *
The rockslime hits you!!
Ouch! That really hurt!
You die...

.........................#####.##
####.###############.###..#......
#.# ###.####....._.. ...
##G....####...... ... #.......#
##..... ._. #..._.J.# ####.##
.....####....#
###########.###....####
.......@J.J.....####
#################


You could see an acid blob and a rockslime.

Vanquished Creatures
  A komodo dragon (D:6)
  A steam dragon (D:6)
  Duvessa (D:7)
  2 water moccasins
  3 sky beasts
  An orc warrior (D:5)
  2 ice beasts
  2 ogres (D:5)
  A phantom (D:4)
  2 bullfrogs (D:7)
  A gnoll sergeant (D:6)
  4 scorpions
  3 necrophages
  Dowan (D:7)
  6 killer bees (D:6)
  2 howler monkeys (D:7)
  24 jellies
  4 hounds
  2 orc priests (D:5)
  A gnoll shaman (D:7)
  Ijyb (D:4)
  Natasha (thrice) (D:3)
  An iguana (D:7)
  2 orc wizards (D:4)
  A howler monkey zombie (D:3)
  8 adders
  13 gnolls
  A river rat (Sewer)
  2 ufetubi
  A worm (D:3)
  A dart slug (D:5)
  9 orcs
  9 endoplasms
  8 giant cockroaches
  10 goblins
  A hobgoblin (D:3)
  5 kobolds
  4 quokkas
  11 ball pythons
  2 ball python zombies (D:3)
  4 bats
  7 frilled lizards
  A jackal zombie (D:3)
  8 rats
177 creatures vanquished.

Vanquished Creatures (others)
  2 jellies
  An orc wizard (D:5)
  3 orcs (D:7)
  46 fulminant prisms
  19 plants (D:5)
71 creatures vanquished.

Grand Total: 248 creatures vanquished

Notes
Turn   | Place    | Note
-------+----------+-------------------------------------------
     0 | D:1      | ders the Djinni Conjurer began the quest for the Orb.
     0 | D:1      | Reached XP level 1. HP: 15/15 MP: 0/0
   299 | D:1      | Reached XP level 2. HP: 19/21 MP: 0/0
   741 | D:1      | Found a faded altar of an unknown god.
   985 | D:2      | Reached XP level 3. HP: 17/25 MP: 0/0
   985 | D:2      | Learned a level 1 spell: Shock
  1417 | D:2      | Reached skill level 4 in Spellcasting
  1850 | D:3      | Noticed Natasha
  1853 | D:3      | Killed Natasha
  1854 | D:3      | Reached XP level 4. HP: 25/31 MP: 0/0
  1915 | D:3      | Found a basalt altar of Yredelemnul.
  2018 | D:3      | Noticed Natasha
  2022 | D:3      | Killed Natasha
  2184 | D:3      | Found a white marble altar of Elyvilon.
  2345 | D:3      | Reached XP level 5. HP: 24/35 MP: 0/0
  2345 | D:3      | Learned a level 2 spell: Wereblood
  2549 | D:3      | Noticed Natasha
  2554 | D:3      | Killed Natasha
  2555 | D:3      | Reached skill level 5 in Spellcasting
  2954 | D:4      | Reached XP level 6. HP: 31/40 MP: 0/0
  3292 | D:4      | Found a hide-covered altar of Uskayaw.
  3304 | D:4      | Reached skill level 6 in Spellcasting
  3304 | D:4      | Reached XP level 7. HP: 31/45 MP: 0/0
  3304 | D:4      | Learned a level 2 spell: Corpse Rot
  3811 | D:4      | Noticed Ijyb
  3826 | D:4      | Killed Ijyb
  3922 | D:4      | Found a blossoming altar of Fedhas.
  4115 | D:5      | Entered Level 5 of the Dungeon
  4174 | D:5      | Reached skill level 7 in Spellcasting
  4186 | D:5      | Reached XP level 8. HP: 38/50 MP: 0/0
  4202 | D:5      | Found a glowing drain.
  4206 | Sewer    | Entered a sewer
  4305 | Sewer    | Reached skill level 8 in Spellcasting
  4371 | Sewer    | Found a viscous altar of Jiyva.
  4394 | Sewer    | Became a worshipper of Jiyva Juobus the Shapeless
  4588 | D:5      | Was placed under penance by Jiyva
  4611 | D:5      | Found a hazy altar of Hepliaklqana.
  4694 | D:5      | Was forgiven by Jiyva
  4878 | D:6      | Reached XP level 9. HP: 54/55 MP: 0/0
  4878 | D:6      | Learned a level 4 spell: Petrify
  4884 | D:6      | Reached skill level 9 in Spellcasting
  4897 | D:6      | Found an iron altar of Okawaru.
  4904 | D:6      | Noticed a komodo dragon
  4910 | D:6      | Killed a komodo dragon
  4948 | D:6      | Reached skill level 10 in Spellcasting
  4968 | D:6      | Was placed under penance by Jiyva
  5009 | D:6      | Gained mutation: You are agile. (Dex +2) [potion of
                  | mutation]
  5009 | D:6      | Gained mutation: Your spells are a little easier to cast,
                  | but a little less powerful. [potion of mutation]
  5009 | D:6      | Gained mutation: You are occasionally teleported next to
                  | monsters. [potion of mutation]
  5009 | D:6      | Lost mutation: Your spells are a little easier to cast, but
                  | a little less powerful. [potion of mutation]
  5027 | D:6      | Found a burning altar of Makhleb.
  5036 | D:6      | Found a staircase to the Ecumenical Temple.
  5389 | D:7      | Found Kuarik's Assorted Antiques.
  5398 | D:7      | Bought an opalescent robe for 119 gold pieces
  5398 | D:7      | Identified the +1 robe of Spring Thaw {rC+ Regen+ Slay+3}
                  | (You bought it in a shop on level 7 of the Dungeon)
  5442 | D:7      | Was forgiven by Jiyva
  5453 | D:7      | Found Goqoawn's Antique Armour Shop.
  5458 | D:7      | Found Obawu's Weapon Emporium.
  5462 | D:7      | Reached XP level 10. HP: 60/60 MP: 0/0
  5482 | D:7      | Noticed Duvessa
  5484 | D:7      | Fell from the grace of Jiyva
  5484 | D:7      | Noticed Dowan
  5487 | D:7      | Killed Dowan
  5494 | D:7      | Killed Duvessa
  5509 | D:7      | Reached skill level 11 in Spellcasting
  5509 | D:7      | Lost mutation: You are occasionally teleported next to
                  | monsters. [potion of mutation]
  5509 | D:7      | Lost mutation: You are agile. (Dex +2) [potion of mutation]
  5509 | D:7      | Gained mutation: Your natural rate of healing is unusually
                  | fast. [potion of mutation]
  5522 | D:7      | Found Heijerae's Jewellery Shop.
  5659 | Temple   | Entered the Ecumenical Temple
  5750 | Temple   | Noticed an acid blob
  5750 | Temple   | Noticed an eye of devastation
  5750 | Temple   | Noticed a rockslime
  5760 | Temple   | Annihilated by a rockslime

Illustrated notes

Levels and vault maps discovered:
D:1:      saegor_arrival_simple_e, layout_rooms,
          shapermc_ecumenical_altar_mp_urbaneastern, minmay_tetromino_s4
D:2:      layout_loops_cross
D:3:      layout_loops_ring, nicolae_yredelemnul_corpse_copse, elyvilon_altar_4,
          uniq_natasha
D:4:      layout_cave_pods, mainiacjoe_overflow_big_doors,
          grunt_decor_arrowhead, uniq_ijyb
D:5:      layout_rooms, nicolae_hepliaklqana_hazy_memory, gup_sewer_entry_bowl
D:6:      layout_rooms, mainiacjoe_overflow_brackets, makhleb_heckhound_becter,
          minmay_temple_entry_waves
D:7:      layout_rooms, serial_shops, nicolae_lakefront_shop, shop_fountains,
          nicolae_shop_advertising_works [nicolae_subvault_shop_adworks], shop,
          uniq_duvessa
Temple:   dpeg_chambers_temple

Skill      XL: |  1  2  3  4  5  6  7  8  9 10 |
---------------+-------------------------------+-----
Spellcasting   | 4 5 6 7 8 10 11 | 11.0
Dodging        | |  2.1
Stealth        | |  1.5

Action                   |  1- 3 |  4- 6 |  7- 9 | 10-12 || total
-------------------------+-------+-------+-------+-------++-------
Melee: Staff             |       |       |       |     1 ||     1
 Cast: Magic Dart        |    42 |    42 |    85 |    16 ||   185
       Searing Ray       |     2 |    18 |     9 |       ||    29
       Fulminant Prism   |       |       |    29 |    17 ||    46
       Iskenderun's Myst |       |       |     8 |    16 ||    24
  Use: Scroll            |       |       |    13 |       ||    13
       Potion            |       |       |     4 |     1 ||     5
Armor: Robe              |       |       |     6 |     1 ||     7
Dodge: Dodged            |       |     9 |    14 |     9 ||    32

Table legend: (Time is in decaauts)
 A = Elapsed time spent in this place.
 B = Non-inter-level travel time spent in this place.
 C = Inter-level travel time spent in this place.
 D = Time resting spent in this place.
 E = Time spent auto-exploring this place.
 F = Levels seen in this place.
 G = Mean time per level.
                   A        B        C        D        E       F      G
               +--------+--------+--------+--------+--------+-----+--------+
         Total |   5740 |   5513 |    227 |    321 |   4416 |   9 |  637.8 |
       Dungeon |   5437 |   5210 |    227 |    321 |   4235 |   7 |  776.7 |
        Temple |    100 |    100 |      0 |      0 |     85 |   1 |  100.0 |
         Sewer |    201 |    201 |      0 |      0 |     96 |   1 |  201.0 |
               +--------+--------+--------+--------+--------+-----+--------+

Top non-repeatable levels by time:
     D:3: 1251 daAuts
     D:4: 1171 daAuts
     D:1: 916 daAuts
     D:2: 755 daAuts
     D:6: 572 daAuts
     D:5: 547 daAuts
     D:7: 222 daAuts
   Sewer: 201 daAuts
  Temple: 100 daAuts
